 Dungeon Crawl Stone Soup version 0.16.1-2-g95b8d4c (webtiles) character file.

12457 Ololoev the Carver (level 11, -1/75 HPs)
             Began as a Mummy Chaos Knight on Mar 24, 2015.
             Killed by the air
             ... invoked by Gastronok
              (28 damage)
             ... on level 1 of the Orcish Mines.
             The game lasted 01:02:24 (12809 turns).

Ololoev the Carver (Mummy Chaos Knight)            Turns: 12809, Time: 01:02:26

Health: -1/75      AC:  9    Str: 16    XL:     11   Next: 62%
Magic:  22/22      EV: 11    Int: 15    God:    Xom [.....*]
Gold:   886        SH:  0    Dex: 12    Spells: 0 memorised, 10 levels left

rFire  . . .     SeeInvis .     r - +5 long sword (freeze)
rCold  + . .     Clarity  .     i - +2 leather armour {rF+}
rNeg   + + +     SustAb   .     (no shield)
rPois  ∞         Gourm    .     d - +0 helmet {Int+3} (curse)
rElec  .         Spirit   .     q - +0 cloak {rPois}
rCorr  .         Warding  .     y - +0 pair of gloves
rMut   .         Stasis   .     (no boots)
MR     +....                    g - amulet of regeneration (curse)
Stlth  +.........               (no ring)
                                (no ring)

@: somewhat resistant to hostile enchantments, very unstealthy
A: no food or potions, fire vulnerability, restore body, cold resistance 1,
negative energy resistance 3, poison resistance, torment resistance, unbreathing
a: Renounce Religion


You were on level 1 of the Orcish Mines.
You worshipped Xom.
You were Xom's teddy bear.
You were not hungry.

You visited 2 branches of the dungeon, and saw 13 of its levels.
You also visited: Labyrinth.

You collected 886 gold pieces.

Notes
Turn   | Place    | Note
--------------------------------------------------------------
     0 | D:1      | Ololoev, the Mummy Chaos Knight, began the quest for the Orb.
     0 | D:1      | Reached XP level 1. HP: 18/18 MP: 1/1
   217 | D:1      | XOM: potion effect (brilliance)
   219 | D:1      | Reached XP level 2. HP: 18/24 MP: 2/2
   259 | D:1      | XOM: silly message
   280 | D:1      | XOM: god gift: glowing helmet {god gift}
   558 | D:1      | XOM: 4-stop teleportation journey
   687 | D:1      | XOM: harmless Conj miscast
   852 | D:2      | XOM: confusion (+ monsters)
   931 | D:2      | XOM: stat loss: -1 Dex (10/11)
  1039 | D:2      | XOM: noise
  1041 | D:2      | XOM: smoke on damage
  1046 | D:2      | Reached XP level 3. HP: 26/29 MP: 3/3
  1047 | D:2      | Noticed Terence
  1060 | D:2      | Killed Terence
  1154 | D:2      | Found a bloodstained altar of Trog.
  1383 | D:2      | Found a basalt altar of Yredelemnul.
  1384 | D:2      | Found a bloodstained altar of Trog.
  1500 | D:3      | Reached XP level 4. HP: 35/35 MP: 4/4
  1502 | D:3      | XOM: 2-stop teleportation journey
  1526 | D:3      | XOM: god gift: 26 gold pieces
  1621 | D:3      | XOM: vitrification
  1650 | D:3      | Noticed a scorpion
  1659 | D:3      | Noticed a wasp
  1659 | D:3      | a scorpion changed into a wasp
  1659 | D:3      | XOM: polymorph scorpion -> wasp
  1660 | D:3      | XOM: butterfly on damage
  1664 | D:3      | XOM: destruction
  1667 | D:3      | XOM: swap monsters
  1668 | D:3      | XOM: noise
  1669 | D:3      | XOM: confusion
  1786 | D:3      | XOM: swap weapons
  1789 | D:3      | Killed a wasp
  1789 | D:3      | Reached XP level 5. HP: 15/41 MP: 5/5
  1858 | D:3      | Reached skill level 4 in Long Blades
  1858 | D:3      | XOM: silly message
  1901 | D:3      | XOM: summons 3 hostile shadow creatures
  2123 | D:3      | Found a deep blue altar of Sif Muna.
  2200 | D:3      | XOM: summons 4 hostile shadow creatures
  2523 | D:4      | Reached XP level 6. HP: 44/47 MP: 6/6
  2558 | D:4      | XOM: harmless Hex miscast
  2585 | D:4      | XOM: confuse monster(s)
  2718 | D:4      | Noticed a slave
  2718 | D:4      | XOM: chaos cloud
  2719 | D:4      | Noticed a slave
  2722 | D:4      | XOM: summons friendly ufetubus
  2730 | D:4      | Killed a slave
  2735 | D:4      | Killed a slave
  2758 | D:4      | Noticed Pikel
  2762 | D:4      | Noticed a slave
  2763 | D:4      | Paralysed by Pikel for 4 turns
  2764 | D:4      | XOM: chaos cloud
  2778 | D:4      | Noticed a slave
  2787 | D:4      | XOM: harmless Necr miscast
  2799 | D:4      | Noticed Pikel
  2799 | D:4      | Pikel changed into Pikel the troll
  2799 | D:4      | XOM: polymorph Pikel -> Pikel the troll
  2813 | D:5      | Entered Level 5 of the Dungeon
  2886 | D:5      | Found a staircase to the Ecumenical Temple.
  2933 | D:4      | Found a sparkling altar of Nemelex Xobeh.
  3015 | D:4      | XOM: harmless Pois miscast
  3016 | D:4      | Killed a slave
  3020 | D:4      | Killed a slave
  3109 | D:4      | XOM: stat loss: -1 Dex (11/12)
  3114 | D:4      | HP: 2/47 [Pikel the troll (15)]
  3116 | D:4      | XOM: enchant monster (good)
  3209 | D:4      | XOM: enchant monster (bad)
  3222 | D:4      | XOM: chaos cloud
  3241 | D:4      | XOM: enchant monster (good)
  3282 | D:4      | Pikel the troll changed into Pikel the boring beetle
  3282 | D:4      | XOM: polymorph Pikel the troll -> Pikel the boring beetle
  3282 | D:4      | Noticed Pikel
  3282 | D:4      | Pikel the boring beetle changed into Pikel the troll
  3285 | D:4      | Noticed Pikel
  3285 | D:4      | Pikel the troll changed into Pikel the jumping spider
  3334 | D:5      | XOM: confusion
  3353 | D:5      | Reached skill level 5 in Long Blades
  3413 | D:5      | Reached XP level 7. HP: 52/52 MP: 7/7
  3464 | D:5      | Found a radiant altar of Vehumet.
  3720 | D:5      | XOM: summons 3 hostile demons
  3895 | D:5      | Reached skill level 6 in Long Blades
  3895 | D:5      | Reached skill level 5 in Armour
  3976 | D:5      | XOM: noise
  4108 | D:5      | XOM: chaos cloud
  4109 | D:5      | Paralysed by you for 4 turns
  4112 | D:5      | XOM: chaos cloud
  4152 | D:5      | Reached XP level 8. HP: 54/58 MP: 8/8
  4318 | D:6      | Reached skill level 7 in Long Blades
  4581 | D:6      | Identified the Disquisition on Snow
  4625 | D:6      | Learned a level 6 spell: Freezing Cloud
  4743 | D:6      | XOM: 2-stop teleportation journey
  4765 | D:6      | Noticed Ijyb
  4776 | D:6      | XOM: confuse monster(s)
  4782 | D:6      | Killed Ijyb
  5000 | D:6      | XOM: mild Chrm miscast
  5064 | D:6      | XOM: severe Hex miscast
  5270 | D:6      | XOM: enchant monster (bad)
  5291 | D:6      | XOM: mild Summ miscast
  5345 | D:7      | Found a stormy altar of Qazlal.
  5383 | D:7      | XOM: mild Hex miscast
  5387 | D:7      | Reached skill level 8 in Long Blades
  5509 | D:7      | XOM: 1-stop teleportation journey
  5523 | D:7      | XOM: colour smoke trail
  5967 | D:7      | Reached skill level 1 in Evocations
  5967 | D:7      | Reached XP level 9. HP: 54/63 MP: 8/10
  5974 | D:7      | Noticed Crazy Yiuf
  5979 | D:7      | Killed Crazy Yiuf
  6014 | D:7      | XOM: mild Ice miscast
  6084 | D:8      | Reached skill level 9 in Long Blades
  6181 | D:8      | XOM: god gift: robe {god gift}
  6211 | D:8      | XOM: enchant monster (bad)
  6267 | D:8      | Found a staircase to the Lair.
  6280 | D:8      | XOM: god gift: 50 gold pieces
  6369 | D:8      | XOM: confuse monster(s)
  6376 | D:8      | XOM: chaos cloud
  6415 | D:8      | XOM: harmless Air miscast
  6532 | D:8      | XOM: vitrification
  6661 | D:8      | XOM: polymorph water moccasin -> warg
  6662 | D:8      | XOM: swap monsters
  6711 | D:8      | Reached skill level 10 in Long Blades
  6762 | D:8      | XOM: destruction
  6823 | D:8      | XOM: polymorph warg -> deep dwarf
  7094 | D:8      | Reached XP level 10. HP: 70/70 MP: 17/17
  7120 | D:8      | Noticed Prince Ribbit
  7139 | D:8      | Killed Prince Ribbit
  7139 | D:8      | XOM: divine lightning (protected)
  7479 | D:9      | Noticed Erolcha
  7483 | D:9      | Killed Erolcha
  7503 | D:9      | Found a staircase to the Orcish Mines.
  7747 | D:9      | Reached skill level 11 in Long Blades
  7753 | D:9      | Reached skill level 5 in Evocations
  7768 | D:9      | XOM: polymorph yak -> soldier ant
  7778 | D:9      | XOM: butterfly on damage
  8196 | D:9      | XOM: noise
  8346 | D:9      | Found a burning altar of Makhleb.
  8349 | D:9      | Noticed a blizzard demon
  8351 | D:9      | Found a glowing silver altar of Zin.
  8351 | D:9      | Noticed an angel
  8545 | D:10     | Entered Level 10 of the Dungeon
  8605 | D:10     | Found a white marble altar of Elyvilon.
  8605 | D:10     | Found a portal to a secret trove of treasure.
  8605 | D:10     | XOM: 11-stop teleportation journey
  8697 | D:10     | XOM: 1-stop teleportation journey
  8770 | D:11     | Found a labyrinth entrance.
  8770 | D:11     | XOM: 7-stop teleportation journey
  8796 | D:11     | Noticed a cyclops
  8802 | D:11     | Killed a cyclops
  8841 | Lab      | Entered a labyrinth
  9182 | Lab      | Noticed a minotaur
  9184 | Lab      | XOM: summons 2 friendly demons
  9206 | Lab      | XOM: 5-stop teleportation journey
  9363 | Lab      | XOM: god gift: meat ration
  9473 | Lab      | XOM: summons friendly quasit
  9576 | Lab      | XOM: divination: detect creatures
  9665 | Lab      | XOM: 8-stop teleportation journey
  9771 | Lab      | XOM: god gift: murky white potion
  9972 | Lab      | XOM: 1-stop teleportation journey
 10020 | Lab      | XOM: medium Divn miscast
 10113 | Lab      | XOM: blink monster(s)
 10349 | Lab      | XOM: 1-stop teleportation journey
 10435 | Lab      | Killed a minotaur
 10435 | Lab      | Reached skill level 12 in Long Blades
 10435 | Lab      | Reached XP level 11. HP: 75/75 MP: 20/20
 10440 | Lab      | Got a scorched halberd
 10455 | D:11     | Identified the +8 halberd of Indignation {vamp, rF+ MR+ Str-2 Dex+6 SInv} (You took it off a minotaur in a labyrinth)
 10485 | D:11     | XOM: harmless Tloc miscast
 10587 | D:11     | Found an iron altar of Okawaru.
 10686 | D:11     | XOM: god gift: plain deck of cards {god gift}
 10757 | D:11     | Found a burning altar of Makhleb.
 10757 | D:11     | Noticed a balrug
 10876 | D:11     | XOM: god gift: 5 meat rations
 10878 | D:11     | XOM: noise
 11076 | D:12     | XOM: silly message
 11081 | D:12     | XOM: silly message
 11084 | D:12     | XOM: swap monsters
 11094 | D:12     | XOM: swap monsters
 11195 | D:10     | XOM: confuse monster(s)
 11697 | D:10     | Noticed a hill giant
 11704 | D:10     | XOM: cast spell 'Summon Hydra'
 11708 | D:10     | XOM: silly message
 11710 | D:10     | Killed a hill giant
 11869 | D:10     | Noticed a death yak
 11870 | D:10     | XOM: cast spell 'Excruciating Wounds'
 11904 | D:10     | Killed a death yak
 12457 | D:10     | Reached skill level 13 in Long Blades
 12562 | Orc:1    | Entered Level 1 of the Orcish Mines
 12572 | Orc:1    | XOM: divination: detect creatures
 12595 | D:9      | XOM: vitrification
 12778 | Orc:1    | Noticed Gastronok
 12803 | Orc:1    | XOM: summons friendly ufetubus
 12809 | Orc:1    | Killed from afar by Gastronok

Inventory:

Hand weapons
 r - a +5 long sword of freezing (weapon)
 s - the +8 halberd of Indignation {vamp, rF+ MR+ Str-2 Dex+6 SInv}
   (You took it off a minotaur in a labyrinth)

   It inflicts no extra harm, but heals its wielder somewhat when it strikes a
   living foe.
   It affects your strength (-2).
   It affects your dexterity (+6).
   It protects you from fire.
   It affects your resistance to hostile enchantments.
   It enhances your eyesight.
Missiles
 x - 8 tomahawks of dispersal (quivered)
Armour
 d - a cursed +0 helmet of intelligence (worn)
 i - a +2 leather armour of fire resistance (worn)
 q - a +0 cloak of poison resistance (worn)
 y - a +0 pair of gloves (worn)
Jewellery
 g - a cursed amulet of regeneration (around neck)
 m - an uncursed ring of fire
Magical devices
 a - a wand of digging (10)
 b - a wand of frost (12)
 e - a wand of slowing (18)
 h - a wand of frost (25)
 t - a wand of heal wounds (6)
 u - a wand of random effects (6)
Scrolls
 c - 6 scrolls of identify
 f - 10 scrolls of remove curse
 j - 2 scrolls of fog
 p - 3 scrolls of teleportation
 v - a scroll of blinking
Books
 k - a Grand Grimoire {highlevel}

   This book is beyond your current level of understanding.

   Spells                             Type                      Level
   a - Aura of Abjuration             Summoning                    6
   b - Summon Greater Demon           Summoning                    7
   c - Malign Gateway                 Summoning/Translocation      7
   d - Summon Horrible Things         Summoning                    8
Miscellaneous
 w - a plain deck of summoning {drawn: 7}

Table legend:
 A = Turns spent in this place as a percentage of turns spent in the entire game.
 B = Non-inter-level travel turns spent in this place as a percentage of non-inter-level travel turns spent in the entire game.
 C = Inter-level travel turns spent in this place as a percentage of turns spent in this place.
 D = Turns resting spent in this place as a percentage of non-inter-level travel turns spent in this place.
 E = Turns spent auto-exploring this place as a percentage of non-inter-level travel turns spent in this place.
 F = Non-inter-level travel turns spent in this place divided by the number of levels of this place that you've seen.
                   A       B       C       D       E      F
               +-------+-------+-------+-------+-------+----------------------
         Total | 100.0 | 100.0 |   0.3 |   2.3 |   6.9 | 435.5
       Dungeon |  76.3 |  76.2 |   0.3 |   2.7 |   9.1 | 387.3
  Orcish Mines |   0.5 |   0.5 |   0.0 |   0.0 |   0.0 |  33.0
     Labyrinth |  23.2 |  23.2 |   0.0 |   1.2 |   0.0 | 1416.0
               +-------+-------+-------+-------+-------+----------------------


   Skills:
 - Level 3.0 Fighting
 * Level 13.0 Long Blades
 - Level 5.0 Armour
 - Level 0.7 Dodging
   Level 0.2 Conjurations
   Level 0.1 Ice Magic
   Level 0.4 Air Magic
 + Level 7.6 Evocations


You had 10 spell levels left.
You didn't know any spells.

Dungeon Overview and Level Annotations

Branches:
Dungeon (12/15)            Temple (0/1) D:5            Lair (0/8) D:8
    Orc (1/4) D:9

Altars:
Elyvilon
Makhleb
Nemelex Xobeh
Okawaru
Qazlal
Sif Muna
Trog
Vehumet
Yredelemnul
Zin

Portals:
Trove: D:10 (give 23 scrolls of identify)

Annotations:
D:4 Pikel
Orc:1 Gastronok


Innate Abilities, Weirdness & Mutations

You do not eat or drink.
Your flesh is vulnerable to fire.
Your flesh is cold resistant.
You are immune to negative energy.
Your system is resistant to poisons.
You are immune to unholy pain and torment.
You can survive without breathing.


Message History

You hit the orc priest! You freeze the orc priest.
You kill the orc priest!
You hear a splash.
Your water elemental hits Gastronok.
Gastronok waves his eye-stalks in wide circles.
The air twists around and strikes you!
You hit the orc priest. You freeze the orc priest.
The orc priest is moderately wounded. "Serve the toy, my child!"
Your water elemental hits Gastronok!
The orc priest hits you with a hand axe.
You closely miss the orc priest.
The orc priest is moderately wounded.
Your water elemental hits Gastronok!
Gastronok bites your water elemental!!
Your water elemental is destroyed!
You hit the orc priest but do no damage.
The orc priest is moderately wounded.
The orc priest splashes around in the water.
You hit the orc priest. You freeze the orc priest.
The orc priest is severely wounded.
Your ufetubus splashes around in the water.
Your ufetubus hits the orc priest.
The orc priest hits you with a hand axe.
The orc priest barely misses your ufetubus.
You hit the orc priest. You freeze the orc priest.
You kill the orc priest!
You hear a splash. x2
Evoke which item? (* to show all) (? for menu, Esc to quit)
You draw a card...
It is the Dance.
Your ufetubus splashes around in the water. x2
Press: ? - help, v - describe, . - travel
Here: an enchanted quarterstaff (friendly, summoned)
The floor.
Your ufetubus hits Gastronok but does no damage.
Your ufetubus hits Gastronok. x2
Your ufetubus hits Gastronok but does no damage.
Gastronok waves his eye-stalks in wide circles.
The air twists around and strikes you!
You die...
Xom chuckles heartily!

# w .#. . .... ##
...o
##...#.####.$..
.....$.[≈).......
.....(w5@).......
...#..(.#≈.......
o ...##.# .......
o # ## #.#.... ##
... .


You could see Gastronok, a friendly enchanted quarterstaff and a friendly
ufetubus.

Table legend:
 A = Kills in this place as a percentage of kills in entire the game.
 B = Kills by you in this place as a percentage of kills by you in the entire game.
 C = Kills by friends in this place as a percentage of kills by friends in the entire game.
 D = Other kills in this place as a percentage of other kills in the entire game.
 E = Experience gained in this place as a percentage of experience gained in the entire game.
 F = Experience gained in this place divided by the number of levels of this place that you have seen.
                   A       B       C       D       E      F
               +-------+-------+-------+-------+-------+----------------------
         Total | 100.0 | 100.0 | 100.0 | 100.0 | 100.0 | 1271.1
       Dungeon |  97.3 |  97.2 | 100.0 | 100.0 |  92.3 | 1368.8
  Orcish Mines |   1.8 |   1.9 |   0.0 |   0.0 |   0.7 | 128.0
     Labyrinth |   0.9 |   0.9 |   0.0 |   0.0 |   7.0 | 1242.0
               +-------+-------+-------+-------+-------+----------------------

Vanquished Creatures
  A minotaur (Lab)
  A death yak (D:10)
  Erolcha (D:9)
  An ugly thing (D:12)
  A cyclops (D:11)
  A wandering mushroom (D:8)
  2 polar bears (D:10)
  A two-headed ogre (D:9)
  A basilisk (D:9)
  A wyvern (D:10)
  7 yaks
  A centaur simulacrum (D:10)
  4 hungry ghosts
  A steam dragon (D:10)
  A warg (D:9)
  2 soldier ants
  4 necrophages
  3 sky beasts
  A wasp (D:3)
  A water moccasin (D:10)
  A deep dwarf (D:8)
  A black bear (D:8)
  6 orc warriors
  A spider (D:7)
  An eye of draining (D:11)
  10 ice beasts
  An ogre (D:10)
  4 slaves (D:4)
  2 centaurs
  A big kobold (D:10)
  7 giant frogs
  An earth elemental (Lab)
  4 scorpions
  A troll skeleton (Lab)
  9 wights
  2 electric eels (D:10)
  4 jellies
  6 crimson imps
  4 goliath beetles
  A centaur skeleton (D:7)
  5 hounds
  Crazy Yiuf (D:7)
  8 orc priests
  3 giant frog skeletons
  10 orc wizards
  An iguana (D:5)
  6 worker ants
  A killer bee zombie (D:8)
  Ijyb (D:6)
  Terence (D:2)
  A mummy (D:11)
  2 hound skeletons
  2 worker ant zombies
  14 adders
  4 gnolls (D:4)
  3 shadow imps
  2 giant mites
  2 white imps
  4 worms
  2 adder skeletons
  A giant gecko (D:4)
  66 orcs
  A ball python (D:3)
  3 bat skeletons
  A bat zombie (D:6)
  6 giant cockroaches
  11 hobgoblins
  5 jackals
  4 quokkas
  15 bats
  A giant gecko (shapeshifter) (D:5)
  A giant gecko skeleton (D:5)
  A giant newt (D:3)
  9 goblins
  9 kobolds
  19 rats
  2 butterflies (D:9)
331 creatures vanquished.

Vanquished Creatures (collateral kills)
  A hill giant (D:10)
  A sky beast (D:8)
  An ice beast (D:5)
  A centaur (D:10)
  4 ogres
  A wight (D:9)
  A crimson imp (D:5)
  A centaur skeleton (D:5)
  A mummy (D:5)
  A giant mite (D:6)
  An orc (D:5)
  A kobold (D:5)
  3 giant newts
  A goblin (D:6)
19 creatures vanquished.

Vanquished Creatures (others)
  An ugly thing (D:10)
  Prince Ribbit (D:8)
  A water elemental (Orc:1)
  A quasit (Lab)
  An ufetubus (D:4)
  An orc zombie (D:6)
  A butterfly (D:3)
  A fungus (D:8)
8 creatures vanquished.

Grand Total: 358 creatures vanquished

Action                   |  1- 3 |  4- 6 |  7- 9 | 10-12 || total
-------------------------+-------+-------+-------+-------++-------
Melee: Falchion          |   103 |   288 |   520 |       ||   911
       Club              |       |     3 |       |       ||     3
       Long sword        |       |       |   181 |   495 ||   676
Throw: Throwing net      |       |     2 |       |       ||     2
       Javelin           |       |       |     3 |     3 ||     6
Evoke: Wand              |       |       |     7 |    39 ||    46
       Deck              |       |       |       |     7 ||     7
  Use: Scroll            |       |     5 |     7 |    11 ||    23
 Stab: Petrified         |       |     4 |     5 |       ||     9
       Paralysed         |       |     2 |     3 |       ||     5
       Petrifying        |       |     1 |     2 |       ||     3
       Confused          |       |       |     1 |     2 ||     3

Vault maps used:
D:1:      evilmike_arrival_rings
D:2:      gammafunk_temple_overflow_pools, trog_three_pillars_becter,
          uniq_terence
D:3:      nicolae_overflow_hidden_temple, portal_sewer_entry_d
D:4:      overflow_temple_1_default, uniq_pikel
D:5:      vehumet_altar_wand_db, minmay_temple_entry_mist, first_bread,
          hangedman_decor_peaks_small, st_stairs_9
D:6:      uniq_iyjb
D:7:      lemuel_round_altar, uniq_crazy_yiuf_cottage
D:8:      minmay_imperfect_grid, dpeg_oklobed_lair, uniq_prince_ribbit1
D:9:      grunt_temple_overflow_order_and_chaos_2, david_orc_2, uniq_erolcha
D:10:     serial_ice, serial_ice_j, serial_ice_c, serial_ice_o, serial_ice_e,
          nicolae_trove_entry_diagonal, blue_anna_alchemist, elyvilon_altar_1
D:11:     lab_entry_generic, basic_altar, makhleb_altar_promises_db
D:12:     nrook_mini_vaults
Orc:1:    serial_shops, shop, nicolae_shop_crystal, nicolae_orc_lava_room,
          uniq_gastronok
Lab:      nicolae_lab_plus, nicolae_lab_lava, nicolae_lab_do_over
